 Dungeon Crawl Stone Soup version 0.22-a0-409-gb855193 (webtiles) character file.

24 Alphaeus the Insei (level 3, 0/19 HPs)
             Began as a Vine Stalker Monk on May 11, 2018.
             Slain by Terence
             ... wielding a +2 trident of protection
              (4 damage)
             ... on level 2 of the Dungeon.
             The game lasted 00:00:47 (838 turns).

Alphaeus the Insei (Vine Stalker Monk)               Turns: 838, Time: 00:00:47

Health: 0/19       AC:  2    Str: 14    XL:     3   Next: 2%
Magic:  0/4        EV: 13    Int: 10    God:
Gold:   57         SH:  0    Dex: 16    Spells: 2/2 levels left

rFire    . . .     SeeInvis .     - Unarmed
rCold    . . .     Gourm    .   (no shield)
rNeg     . . .     Faith    .   a - +0 robe
rPois    .         Spirit   +   (no helmet)
rElec    .         Reflect  .   (no cloak)
rCorr    .         Harm     .   (no gloves)
MR       .....                  (no boots)
Stlth    ++........             (no amulet)
HPRegen  0.06/turn              (no ring)
MPRegen  0.09/turn              (no ring)

@: no status effects
A: fangs 2, magic shield, antimagic bite, no potion heal 3, rot immunity
a: no special abilities


You were on level 2 of the Dungeon.
You were not hungry.

You visited 1 branch of the dungeon, and saw 2 of its levels.

You collected 57 gold pieces.

Inventory:

Armour
 a - a +0 robe (worn)
 k - a +0 large shield
Scrolls
 d - a scroll of enchant weapon {unknown}
 g - a scroll of remove curse {unknown}
 i - a scroll of teleportation {unknown}
Potions
 e - a potion of haste {unknown}
 f - a potion of heal wounds {unknown}
 h - a potion of agility {unknown}
 j - 2 potions of ambrosia {unknown}
 l - a potion of degeneration {unknown}
Comestibles
 b - a ration
 c - a chunk of flesh


   Skills:
 + Level 2.8 Fighting
 * Level 0.9 Armour
 + Level 2.5 Dodging
 + Level 2.7 Stealth
 + Level 0.0 Shields
 * Level 3.4 Unarmed Combat


You had 2 spell levels left.
You didn't know any spells.

Dungeon Overview and Level Annotations

Branches:
Dungeon (2/15)

Altars:

Annotations:
D:2 Terence


Innate Abilities, Weirdness & Mutations

You have extremely sharp teeth.
When hurt, damage is shared between your health and your magic reserves.
Your bite disrupts and absorbs the magic of your enemies.
Potions cannot restore your health.
You are immune to rotting.


Message History

Terence hits you with a trident of protection!
* * * LOW HITPOINT WARNING * * *
Terence is nearby!
Terence is nearby!
You are too injured to fight recklessly!
Terence is nearby!
You are too injured to fight recklessly!
You are too injured to fight recklessly!
You are too injured to fight recklessly!
Okay, then.
You hit Terence.
Terence is moderately wounded.
Terence hits you with a trident of protection.
* * * LOW HITPOINT WARNING * * *
You barely miss Terence. Your bite misses Terence.
Terence is moderately wounded.
You hit Terence but do no damage.
Terence is moderately wounded.
Terence hits you with a trident of protection.
You die...

......##########
...... ...##...#
.....###.##...##
#.............#
#.......##....#
#.......##....#
#.......##....#
#.......##....#
#.......##...@#
####.......#####@#
.......(...# #$#
.......(...# ...
........#<## ...
........### .....
........# ..$..
........# #####..
#####..(#


You could see Terence.

Vanquished Creatures
  A leopard gecko (D:1)
  3 giant cockroaches
  4 goblins
  4 hobgoblins (D:1)
  A bat (D:1)
  2 frilled lizards (D:1)
  3 kobolds
  4 rats (D:1)
22 creatures vanquished.

Notes
Turn   | Place    | Note
-------+----------+-------------------------------------------
     0 | D:1      | Alphaeus the Vine Stalker Monk began the quest for the Orb.
     0 | D:1      | Reached XP level 1. HP: 11/11 MP: 2/2
   165 | D:1      | Reached XP level 2. HP: 16/16 MP: 3/3
   678 | D:2      | Reached XP level 3. HP: 10/19 MP: 1/4
   831 | D:2      | Noticed Terence
   838 | D:2      | Slain by Terence

Vault maps used:
D:1:      tarquinn_simple_flora_water_c
D:2:      first_ration, uniq_terence

Action                   || total
-------------------------++-------
Melee: Unarmed           ||    60
       Bite              ||    16
       Punch             ||     1
 Stab: Sleeping          ||     2
Armor: Robe              ||    11
Dodge: Dodged            ||    42

Table legend:
 A = Spawn XP
 B = Non-spawn XP
 C = Spawn XP percentage of total XP
 D = Spawn monster count
 E = Non-spawn monster count
 F = Spawn count percentage of total count
 G = Total turns spent on level
                    A         B        C        D         E        F      G
               +---------+---------+-------+---------+---------+-------+---------
         Total |       0 |      35 |   0.0 |       0 |      22 |   0.0 |   838
               +---------+---------+-------+---------+---------+-------+---------
           D:1 |       0 |      28 |   0.0 |       0 |      18 |   0.0 |   660
           D:2 |       0 |       7 |   0.0 |       0 |       4 |   0.0 |   178
               +---------+---------+-------+---------+---------+-------+---------
